 Dungeon Crawl Stone Soup version 0.29-a0-575-g0dc89cf053 (webtiles) character file.

Game seed: 18189159566790993388

28 Bruhh the Ogre Mage (level 3, -1/31 HPs)
             Began as an Ogre Earth Elementalist on June 13, 2022.
             Slain by a worm (4 damage)
             ... on level 2 of the Dungeon.
             The game lasted 00:01:51 (1704 turns).

Bruhh the Ogre Mage (Ogre Earth Elementalist)       Turns: 1704, Time: 00:01:51

Health: -1/31      AC:  3    Str: 12    XL:     3   Next: 12%
Magic:  3/7        EV:  9    Int: 18    God:
Gold:   40         SH:  0    Dex:  9    Spells: 7/8 levels left

rFire   . . .      SeeInvis .   (no weapon)
rCold   . . .      Faith    .   (no shield)
rNeg    . . .      Spirit   .   a - +0 robe
rPois   .          Reflect  .   (helmet restricted)
rElec   .          Harm     .   (no cloak)
rCorr   .          Rampage  .   (gloves unavailable)
Will    .....                   (boots unavailable)
Stlth   +.........              (no amulet)
HPRegen 0.10/turn               (no ring)
MPRegen 0.10/turn               (no ring)

@: no status effects
A: large, unfitting armour, tough skin 1
a: no special abilities


You were on level 2 of the Dungeon.
You visited 1 branch of the dungeon, and saw 2 of its levels.

You collected 40 gold pieces.

Inventory:

Missiles
 e - 69 stones
 f - a throwing net
Armour
 a - a +0 robe (worn)
Jewellery
 d - a ring of magical power
Scrolls
 b - 2 scrolls of identify {unknown}
Potions
 c - a potion of ambrosia {unknown}


   Skills:
 - Level 1.7 Dodging
 - Level 1.4 Stealth
 + Level 3.3 Spellcasting
 - Level 0.8 Transmutations
 + Level 3.3 Earth Magic


You had 7 spell levels left.
You knew the following spells:

 Your Spells              Type           Power      Damage    Failure   Level
a - Sandblast             Erth           28%        2d8       4%          1

Your spell library contained the following spells:

 Spells                   Type           Power      Damage    Failure   Level
 Passwall                 Tmut/Erth      8%         N/A       11%         2
 Necrotize                Necr           8%         1d4       16%         1
 Stone Arrow              Conj/Erth      16%        3d8       24%         3
 Vampiric Draining        Necr           2%         2d6       43%         3
 Petrify                  Tmut/Erth      10%        N/A       56%         4
 Agony                    Necr           2%         N/A       99%         5


Dungeon Overview and Level Annotations

Branches:
Dungeon (2/15)

Altars:

Shops:
D:1 =


Innate Abilities, Weirdness & Mutations

You are too large for most types of armour.
You have tough skin. (AC +1)


Message History

There is an open door here.
Things that are here:
a +0 dagger; a +0 short sword
There is a stone staircase leading down here.
You climb downwards.
There is a stone staircase leading up here.
You can't go down here!
There are monsters nearby!
There are monsters nearby!
The blast of sand hits the adder.
The adder is moderately wounded.
The adder hisses angrily.
The adder bites you. x2
You are poisoned.
The adder poisons you!
The blast of sand hits the adder.
The adder is heavily wounded.
You feel sick. The adder bites you but does no damage. The adder bites you.
The adder bites you but does no damage.
The blast of sand hits the adder.
The adder is almost dead.
You feel sick. The adder closely misses you. The adder misses you.
The worm bites you.
The blast of sand misses the adder.
You feel sick.
You are no longer poisoned.
The adder closely misses you. x2; The worm bites you!
The adder closely misses you.
You are too injured to fight recklessly!
Unknown command.
Casting: Sandblast (safe; 4% risk of failure)
Confirm with . or Enter, or press ? or * to list all spells.
Aiming: Sandblast (safe; 4% risk of failure)
Press: ? - help, Shift-Dir - straight line, f/p - adder
Aim: an adder (almost dead, 66% to hit)
The blast of sand hits the adder!
You kill the adder!
The worm bites you!
* * * LOW HITPOINT WARNING * * *
The worm bites you.
You die...

# #. #.# ...
###.#### #
#......##.#
.#.#..†...#.#
......w@....#
.#.####.......#
#..#..#.# ...#
.# .... #
###.## .. ##


You could see a worm.

Vanquished Creatures
  An adder (D:2)
  A dart slug (D:1)
  2 endoplasms (D:1)
  3 giant cockroaches (D:1)
  3 goblins (D:1)
  3 hobgoblins (D:1)
  2 quokkas (D:1)
  A ball python (D:1)
  A bat (D:1)
  2 frilled lizards (D:1)
  3 kobolds (D:1)
  2 rats (D:1)
24 creatures vanquished.

Notes
Turn   | Place    | Note
-------+----------+-------------------------------------------
     0 | D:1      | Bruhh the Ogre Earth Elementalist began the quest for the
                  | Orb.
     0 | D:1      | Reached XP level 1. HP: 16/16 MP: 3/3
   567 | D:1      | Reached XP level 2. HP: 24/24 MP: 3/5
   933 | D:1      | Found Kaefri's Jewellery Boutique.
  1209 | D:1      | Reached XP level 3. HP: 31/31 MP: 5/7
  1403 | D:1      | Found a faded altar of an unknown god.
  1704 | D:2      | Slain by a worm

Illustrated notes

Levels and vault maps discovered:
D:1:      wander_arrival_abandoned_jail, layout_basic,
          hellmonk_ecumenical_altar_zigzags, serial_shops, shop
D:2:      layout_loops_cross, serial_glass, glass_columns_b, glass_columns_a,
          basic_altar, minmay_snake_closets, uniq_crazy_yiuf_cottage,
          uniq_jessica

Skill      XL: |  1  2 |
---------------+-------+-----
Earth Magic    | 3 |  3.3
Spellcasting   | 3 |  3.3
Dodging        | |  1.7
Stealth        | |  1.4
Transmutations | |  0.8

Action                   || total
-------------------------++-------
Melee: Unarmed           ||     8
 Cast: Sandblast         ||    41
  Use: Potion            ||     1
Armor: Robe              ||    13
Dodge: Dodged            ||    17

Table legend: (Time is in decaauts)
 A = Elapsed time spent in this place.
 B = Non-inter-level travel time spent in this place.
 C = Inter-level travel time spent in this place.
 D = Time resting spent in this place.
 E = Time spent auto-exploring this place.
 F = Levels seen in this place.
 G = Mean time per level.
                   A        B        C        D        E       F      G
               +--------+--------+--------+--------+--------+-----+--------+
         Total |   1744 |   1657 |     87 |      0 |   1475 |   2 |  872.0 |
       Dungeon |   1744 |   1657 |     87 |      0 |   1475 |   2 |  872.0 |
               +--------+--------+--------+--------+--------+-----+--------+

Top non-repeatable levels by time:
     D:1: 1736 daAuts
     D:2: 8 daAuts
